 Dungeon Crawl Stone Soup version 0.27-a0-103-g6cd7b45 (webtiles) character file.

Game seed: 4961006897489088820

334234 Toastz the Slayer (level 21, -14/234 HPs)
             Began as a Gargoyle Fighter on Jan 22, 2021.
             Was the Champion of Makhleb.
             Killed from afar by an ice dragon (20 damage)
             ... with a blast of cold
             ... on level 4 of the Vaults.
             The game lasted 03:29:50 (41096 turns).

Toastz the Slayer (Gargoyle Fighter)               Turns: 41096, Time: 03:29:52

Health: -14/234    AC: 52    Str: 45    XL:     21   Next: 83%
Magic:  27/27      EV:  9    Int: 12    God:    Makhleb [******]
Gold:   3783       SH: 23    Dex:  9    Spells: 20/20 levels left

rFire    . . .     SeeInvis .   O - +9 morningstar "Todugg" {vorpal, Str+4 Int+2}
rCold    . . .     Faith    .   U - +2 kite shield
rNeg     + + .     Spirit   .   d - +4 plate armour {Will+}
rPois    ∞         Reflect  +   b - +2 helmet
rElec    +         Harm     .   N - +2 cloak
rCorr    .         Rampage  .   (no gloves)
Will     ++...                  z - +2 pair of boots of the Cockroach {rN+}
Stlth    ..........             u - amulet of reflection
HPRegen  0.49/turn              i - +6 ring of strength
MPRegen  0.20/turn              r - +6 ring of strength

@: berserking, about to teleport, flying, studying Shields, very quick
A: big wings, low mp 1, negative energy resistance 1, electricity resistance,
unbreathing, petrification resistance, miasma immunity, AC +16
}: 2/15 runes: barnacled, gossamer
a: Stop Flying, Renounce Religion, Minor Destruction, Lesser Servant of Makhleb,
Major Destruction, Greater Servant of Makhleb


You were on level 4 of the Vaults.
You worshipped Makhleb.
Makhleb was exalted by your worship.
You visited 6 branches of the dungeon, and saw 35 of its levels.
You also visited: Ice Cave.

You collected 5287 gold pieces.
You spent 1504 gold pieces at shops.

Inventory:

Hand Weapons
 O - the +9 morningstar "Todugg" (weapon) {vorpal, Str+4 Int+2}
   (You found it on level 9 of the Dungeon)

   It inflicts extra damage upon your enemies.
   It affects your strength (+4).
   It affects your intelligence (+2).
Missiles
 a - 5 boomerangs of dispersal
Armour
 b - a +2 helmet (worn)
 d - a +4 plate armour of willpower (worn)
 s - a +2 pair of gloves
 z - the +2 pair of boots of the Cockroach (worn) {rN+}
   (You found it on level 4 of the Dungeon)

   It protects you from negative energy.
 N - a +2 cloak (worn)
 U - a +2 kite shield (worn)
Jewellery
 c - an uncursed amulet of faith
 i - a +6 ring of strength (left hand)
 r - a +6 ring of strength (right hand)
 u - an amulet of reflection (around neck)
 v - the cursed necklace of Bloodlust {*Rage +Rage Will++ Int-3 Slay+6 *Curse}
   (You found it on level 4 of the Shoals)

   [amulet of nothing]

   It affects your intelligence (-3).
   It affects your accuracy and damage with ranged weapons and melee attacks
   (+6).
   It affects your willpower, your defense against some magical effects.
   It lets you go berserk.
   It may make you go berserk in combat.
   It curses itself when equipped.
   It has a curse placed upon it.
 y - an uncursed amulet of the acrobat
 D - an uncursed amulet of regeneration
 K - an uncursed ring of protection from cold
 L - an uncursed ring of see invisible
 Y - an uncursed ring of protection from fire
Wands
 g - a wand of polymorph (29)
 F - a wand of disintegration (31)
 G - a wand of iceblast (18)
 H - a wand of acid (56)
 J - a wand of digging (29)
 P - a wand of flame (58)
 V - a wand of enslavement (10)
Scrolls
 j - 23 scrolls of remove curse
 l - 6 scrolls of teleportation
 q - 6 scrolls of fog
 t - 2 scrolls of fear
 w - 10 scrolls of magic mapping
 x - 16 scrolls of enchant weapon
 C - 4 scrolls of silence
 E - a scroll of summoning
 M - 15 scrolls of identify
 Q - 3 scrolls of amnesia
 S - 6 scrolls of blinking
 T - 6 scrolls of immolation
 W - 4 scrolls of holy word
 Z - a scroll of brand weapon
Potions
 e - 3 potions of invisibility
 h - 2 potions of heal wounds
 k - 7 potions of brilliance
 m - 8 potions of lignification
 n - 10 potions of cancellation
 o - 15 potions of curing
 p - 18 potions of ambrosia
 A - a potion of berserk rage
 I - 3 potions of haste
 X - 2 potions of resistance
Books
 R - a manual of Shields
Miscellaneous
 f - a tin of tremorstones (2/2)
 B - a lightning rod (4/4)


   Skills:
 * Level 24.1 Fighting
 - Level 16.0 Maces & Flails
 + Level 22.7 Armour
 - Level 15.0 Shields
 - Level 12.0 Invocations


You had 20 spell levels left.
You didn't know any spells.
Your spell library contained the following spells:

 Spells                   Type           Power        Failure   Level
 Animate Skeleton         Necr           0%           61%         1
 Apportation              Tloc           0%           61%         1
 Corona                   Hex            0%           61%         1
 Foxfire                  Conj/Fire      0%           61%         1
 Summon Small Mammal      Summ           0%           61%         1
 Call Imp                 Summ           0%           75%         2
 Corpse Rot               Necr/Air       N/A          75%         2
 Call Canine Familiar     Summ           0%           93%         3
 Conjure Flame            Conj/Fire      0%           93%         3
 Inner Flame              Hex/Fire       0%           93%         3
 Lesser Beckoning         Tloc           0%           93%         3
 Stone Arrow              Conj/Erth      0%           93%         3
 Summon Guardian Golem    Hex/Summ       0%           93%         3
 Tukima's Dance           Hex            0%           93%         3
 Dispel Undead            Necr           0%           100%        4
 Sticky Flame             Conj/Fire      0%           100%        4
 Summon Ice Beast         Ice/Summ       0%           100%        4
 Summon Lightning Spire   Summ/Air       0%           100%        4
 Agony                    Necr           0%           100%        5
 Alistair's Intoxication  Tmut/Pois      0%           100%        5
 Bolt of Magma            Conj/Fire/Erth 0%           100%        5
 Excruciating Wounds      Necr           0%           100%        5
 Fireball                 Conj/Fire      0%           100%        5
 Iskenderun's Battlesphe  Conj           0%           100%        5
 Summon Forest            Summ/Tloc      0%           100%        5
 Eringya's Noxious Bog    Tmut/Pois      0%           100%        6
 Hydra Form               Tmut           0%           100%        6
 Invisibility             Hex            0%           100%        6
 Iron Shot                Conj/Erth      0%           100%        6
 Orb of Destruction       Conj           0%           100%        7
 Spellforged Servitor     Conj/Summ      0%           100%        7
 Summon Hydra             Summ           0%           100%        7
 Sublimation of Blood     Necr           Unusable     N/A         2

Dungeon Overview and Level Annotations

Branches:
Dungeon (15/15)            Temple (0/1) D:4            Lair (6/6) D:8
 Shoals (4/4) Lair:4       Spider (4/4) Lair:3        Slime (0/5) Lair:5
    Orc (2/2) D:9             Elf (0/3) Orc:2        Vaults (4/5) D:14
  Crypt (0/3) Vaults:3     Depths (0/5) D:15          IceCv (visited)

Altars:
Cheibriados
Hepliaklqana
Kikubaaqudgha
Makhleb
Qazlal
Ru
Sif Muna
Uskayaw
Vehumet
Wu Jian
Yredelemnul
The Shining One
Beogh
Jiyva

Shops:
D:5 ?   D:10 (   D:14 (   Orc:1 !   Orc:2 (*:[   Shoals:3 *:!!(   Vaults:2 *
Vaults:3 =

Portals:
Trove: D:10 (give 6 scrolls of fear)

Annotations:
D:7 1 transporter
D:9 1 runed translucent door, exclusion: orange crystal statue
Vaults:4 Margery


Innate Abilities, Weirdness & Mutations

You are resistant to torment.
Your stone body is resilient. (AC +16)
You are immune to poison.
Your large and strong wings let you fly indefinitely.
You resist negative energy. (rN+)
You are resistant to electric shocks. (rElec)
You can survive without breathing.
You are immune to petrification.
You are immune to miasma.
Your magical capacity is low. (-10% MP)


Message History

You feel strangely unstable.
The hell knight's soul is no longer bound.
Margery points at you and mumbles some strange words.
The bolt of fire hits you!!!
* * * LOW HITPOINT WARNING * * *
You block the hell knight's attack.
A red film seems to cover your vision as you go berserk!
You feel yourself moving faster!
You feel mighty!
Margery's soul is no longer bound.
The ice dragon's soul is no longer bound.
Margery hits you but does no damage.
The hell knight gestures at you while chanting.
You hear some strange, mumbled words.
A bolt of fire appears from out of thin air!
The bolt of fire misses you. The ice dragon breathes frost at you.
The blast of cold hits the necromancer simulacrum.
The necromancer simulacrum completely resists.
The blast of cold hits something!!
The blast of cold hits you!!
You die...

#'#.'..#).....#.# ...###....#
#.#.#..').....#.#.... ....#
#.#.#.†#).....#.#.... ....+
#.#.#..########.#############
###.'......................
....#......................
#####......................
#...........p@.........
#...........@{Z.D......
#..............p.......
#.....###########......
#.....# ...... #..†..# ......
#.....# ...... +.....# .....
#.....' #.....#.


You could see Margery, an ice dragon (catching breath), 2 hell knights and a
necromancer simulacrum.

Vanquished Creatures
  Nikola (Shoals:1)
  A lich (Vaults:1)
  Rupert (D:15)
  Frances (Spider:1)
  Ilsuiw (Shoals:2)
  A deep elf sorcerer (Vaults:2)
  A frost giant (Vaults:3)
  A ghost moth (Spider:4)
  A fire giant (Vaults:3)
  2 orc warlords
  8 vault wardens
  Aizul (Shoals:2)
  6 emperor scorpions (Spider:4)
  14 ironheart preservers
  4 very ugly things
  4 stone giants (Vaults:2)
  5 entropy weavers
  3 spark wasps
  A deep elf death mage (Vaults:2)
  An ettin (D:14)
  2 fire dragons (Vaults:2)
  11 yaktaur captains
  3 merfolk javelineers (Shoals:4)
  5 great orbs of eyes
  8 merfolk impalers
  2 vault guards
  A rakshasa (Vaults:1)
  12 hydras
  14 ogre magi
  A catoblepas (Lair:4)
  10 boulder beetles
  10 centaur warriors
  7 merfolk avatars
  A death knight (D:14)
  An ice dragon (Vaults:3)
  A small abomination (Vaults:2)
  3 alligator snapping turtles (Shoals:4)
  38 two-headed ogres
  2 merfolk aquamancers
  A deep troll shaman (Vaults:2)
  An orc high priest (Orc:2)
  An alligator (Lair:4)
  A tengu warrior (D:14)
  4 satyrs
  10 death yaks
  3 deep elf knights
  Sonja (D:12)
  9 skeletal warriors (D:14)
  A shadow wraith (Vaults:2)
  A fire crab (shapeshifter) (Vaults:1)
  8 unseen horrors
  9 sea snakes
  5 wizards
  3 flayed ghosts
  A deep troll (shapeshifter) (Vaults:1)
  A sea snake (shapeshifter) (Vaults:3)
  3 deep elf archers
  12 ironbrand convokers
  6 deep trolls
  Pikel (D:4)
  9 orc knights
  A necromancer (Vaults:4)
  49 harpies
  12 orb spiders
  5 deep elf magi
  6 orc sorcerers
  A moth of wrath (Spider:4)
  45 ugly things
  A frost giant zombie (Vaults:4)
  25 wolf spiders
  A human zombie (Vaults:4)
  11 fauns
  10 manticores
  17 cyclopes
  14 elephants
  12 black mambas
  9 vault sentinels
  15 merfolk sirens
  An ice statue (IceCv)
  3 water nymphs (Shoals:4)
  Psyche (D:12)
  A kobold demonologist (D:14)
  2 torpor snails
  A cane toad (shapeshifter) (Vaults:4)
  3 centaur skeletons
  13 komodo dragons
  20 cane toads
  An efreet (D:14)
  39 yaktaurs
  2 rime drakes
  6 demonic crawlers
  2 freezing wraiths
  2 tengu conjurers (D:14)
  9 trolls
  A queen bee (shapeshifter) (D:15)
  26 merfolk
  5 polar bears (Lair:6)
  6 meliai
  24 jumping spiders
  11 hornets
  15 wind drakes
  16 slime creatures
  Grinder (D:5)
  4 snapping turtles
  22 dream sheep
  21 blink frogs
  A snapping turtle (shapeshifter) (Vaults:3)
  4 wraiths
  58 redbacks
  13 spriggans (Lair:6)
  9 water elementals
  The ghost of DiscoBob the Chiller, an amateur VSIE of Sif Muna (D:4)
  9 wyverns
  41 yaks
  20 tarantellas
  A tarantella (shapeshifter) (Vaults:1)
  A dire elephant simulacrum (IceCv)
  A basilisk (shapeshifter) (Vaults:3)
  A yak (shapeshifter) (Vaults:2)
  5 basilisks
  4 vampire mosquitoes (D:14)
  A human (shapeshifter) (Vaults:4)
  2 human simulacra
  3 wargs
  A harpy simulacrum (IceCv)
  A soldier ant (D:12)
  Edmund (D:4)
  2 acid dragons (Vaults:2)
  2 hydra simulacra (IceCv)
  20 water moccasins
  7 black bears
  An eye of draining (D:11)
  An alligator simulacrum (IceCv)
  4 ice beasts
  2 necrophages
  A boulder beetle simulacrum (Vaults:2)
  6 sky beasts
  22 orc warriors
  5 phantoms
  41 centaurs
  38 ogres
  29 wolves
  8 boggarts
  32 bullfrogs
  6 big kobolds
  Blork the orc (D:5)
  A scorpion (D:4)
  3 wyvern skeletons
  24 killer bees
  20 wights
  6 electric eels
  5 howler monkeys
  A crimson imp (D:3)
  2 bullfrog zombies
  A quasit (D:11)
  3 centaur zombies
  12 hounds
  5 jellies
  Crazy Yiuf (D:6)
  14 orc priests
  24 orc wizards
  2 bullfrog skeletons
  A gnoll shaman (D:9)
  5 iguanas
  2 troll simulacra (IceCv)
  5 hell rats
  8 worker ants
  A wolf simulacrum (IceCv)
  3 centaur simulacra (IceCv)
  2 hound zombies
  5 gnolls
  A howler monkey skeleton (D:6)
  14 adders
  A naga simulacrum (IceCv)
  2 ogre simulacra (IceCv)
  A shadow imp (D:5)
  6 white imps
  4 ufetubi
  An adder zombie (D:9)
  5 oozes
  4 worms
  4 adder skeletons
  6 dart slugs
  9 leopard geckos
  72 orcs
  3 ball pythons
  7 bats
  3 giant cockroaches
  11 goblins
  6 hobgoblins
  18 jackals
  26 kobolds
  6 quokkas
  A ball python zombie (D:5)
  14 frilled lizards
  2 jackal skeletons
  8 rats
1570 creatures vanquished.

Vanquished Creatures (collateral kills)
  A kraken (Shoals:4)
  A vault warden (Vaults:1)
  A frost giant (Vaults:1)
  An emperor scorpion (Spider:4)
  2 centaur warriors
  A two-headed ogre (Vaults:1)
  An ogre mage (D:14)
  A harpy (Shoals:1)
  2 yaktaurs (Vaults:3)
  2 kobold demonologists (D:14)
  3 meliai (D:14)
  A queen bee (Lair:5)
  A merfolk (Shoals:2)
  A redback (Spider:4)
  2 tarantellas (Spider:4)
  A yak (Lair:6)
  2 orc warriors (Orc:2)
  3 centaurs (Vaults:3)
  An ogre (Vaults:3)
  2 big kobolds (D:14)
  4 killer bees (Lair:5)
  4 orc priests
  2 orc wizards
  An orc (D:14)
41 creatures vanquished.

Vanquished Creatures (others)
  A ghost moth (Spider:4)
  A merfolk aquamancer (Shoals:4)
  A shadow wraith (Vaults:1)
  A deep elf mage (Vaults:3)
  A harpy (Shoals:1)
  A necromancer (Vaults:4)
  A manticore (Shoals:1)
  A tarantella (Spider:4)
  2 boggarts
  2 white imps (IceCv)
  An ufetubus (IceCv)
  39 fungi
  130 plants
  4 tentacles (Shoals:4)
186 creatures vanquished.

Grand Total: 1797 creatures vanquished

Notes
Turn   | Place    | Note
-------+----------+-------------------------------------------
     0 | D:1      | Toastz the Gargoyle Fighter began the quest for the Orb.
     0 | D:1      | Reached XP level 1. HP: 14/14 MP: 1/1
    52 | D:1      | Reached XP level 2. HP: 15/19 MP: 2/2
   363 | D:1      | Reached XP level 3. HP: 22/23 MP: 3/3
   704 | D:1      | Found a hide-covered altar of Uskayaw.
  1043 | D:2      | Reached XP level 4. HP: 20/29 MP: 4/4
  1048 | D:2      | Reached skill level 4 in Fighting
  1317 | D:2      | Reached XP level 5. HP: 31/33 MP: 5/5
  2357 | D:3      | Found a radiant altar of Vehumet.
  2358 | D:3      | Found a burning altar of Makhleb.
  2375 | D:3      | Reached XP level 6. HP: 32/39 MP: 6/6
  2431 | D:3      | Became a worshipper of Makhleb the Destroyer
  3108 | D:4      | Noticed a phantom
  3144 | D:4      | Killed a phantom
  3145 | D:4      | Reached skill level 1 in Invocations
  3269 | D:4      | Reached skill level 5 in Fighting
  3269 | D:4      | Reached skill level 5 in Armour
  3269 | D:4      | Reached skill level 5 in Shields
  3269 | D:4      | Reached XP level 7. HP: 44/44 MP: 7/7
  3437 | D:4      | Noticed Pikel
  3482 | D:4      | Killed Pikel
  3483 | D:4      | Reached XP level 8. HP: 46/51 MP: 9/9
  3532 | D:4      | Found a glowing golden altar of the Shining One.
  3633 | D:4      | Found a runed translucent door.
  3633 | D:4      | Noticed DiscoBob's ghost (amateur VSIE)
  3672 | D:4      | Got a pair of faintly humming boots
  3678 | D:4      | Identified the +2 pair of boots of the Cockroach {rN+} (You
                  | found it on level 4 of the Dungeon)
  3703 | D:4      | Killed DiscoBob's ghost
  3704 | D:4      | Reached skill level 6 in Fighting
  3973 | D:4      | Found a snail-covered altar of Cheibriados.
  4017 | D:4      | Reached skill level 5 in Maces & Flails
  4163 | D:4      | You fall into a shaft and drop 2 floors!
  4207 | D:5      | Entered Level 5 of the Dungeon
  4310 | D:5      | Reached * piety under Makhleb
  4331 | D:5      | Noticed Blork the orc
  4344 | D:5      | Killed Blork the orc
  4571 | D:5      | Found an ornate altar of the Wu Jian Council.
  4616 | D:5      | Reached XP level 9. HP: 56/56 MP: 11/11
  4676 | D:5      | Found Sopn's Magic Scroll Emporium.
  4684 | D:5      | Bought a scroll of teleportation for 45 gold pieces
  4684 | D:5      | Bought a scroll of enchant armour for 112 gold pieces
  4738 | D:5      | Found a hazy altar of Hepliaklqana.
  5022 | D:5      | Noticed Grinder
  5028 | D:5      | Paralysed by Grinder for 7 turns
  5060 | D:5      | Killed Grinder
  5061 | D:5      | Reached skill level 7 in Fighting
  6064 | D:4      | Found a sacrificial altar of Ru.
  6101 | D:4      | Found a stormy altar of Qazlal.
  6144 | D:4      | Noticed Edmund
  6160 | D:4      | Killed Edmund
  6222 | D:4      | Found a staircase to the Ecumenical Temple.
  6564 | D:6      | Reached ** piety under Makhleb
  6686 | D:6      | Found a runed translucent door.
  6687 | D:6      | Noticed Crazy Yiuf
  6884 | D:6      | Killed Crazy Yiuf
  7177 | D:7      | Found a glowing golden altar of the Shining One.
  7227 | D:7      | Found a transporter.
  7230 | D:7      | Noticed a fire crab
  7264 | D:7      | Found a transporter.
  7323 | D:7      | Noticed a kobold demonologist
  7323 | D:7      | Noticed a kobold demonologist
  8062 | D:7      | Noticed a sixfirhy
  8068 | D:7      | Noticed a sixfirhy
  8071 | D:7      | Noticed a smoke demon
  8072 | D:7      | Noticed a sixfirhy
  8412 | D:8      | Reached XP level 10. HP: 63/64 MP: 13/13
  8478 | D:8      | Found a staircase to the Lair.
  8478 | D:8      | Noticed an elephant
  8494 | D:8      | Reached skill level 8 in Fighting
  8520 | D:8      | Killed an elephant
  9337 | D:9      | Reached *** piety under Makhleb
  9544 | D:9      | Reached skill level 9 in Fighting
  9687 | D:9      | Found a staircase to the Orcish Mines.
  9810 | D:9      | Noticed an orange crystal statue
 10174 | D:9      | Killed an unseen horror
 10175 | D:9      | Reached XP level 11. HP: 39/71 MP: 14/14
 10345 | D:9      | Found a runed translucent door.
 10567 | D:9      | Found a runed translucent door.
 10861 | D:9      | Noticed a boulder beetle
 10901 | D:9      | Killed a boulder beetle
 11069 | D:9      | Noticed an eight-headed hydra
 11079 | D:9      | Killed an eight-headed hydra
 11150 | D:9      | Got an ichor-stained morningstar
 11151 | D:9      | Identified the +9 morningstar "Todugg" {vorpal, Str+4
                  | Int+2} (You found it on level 9 of the Dungeon)
 11164 | D:9      | Reached skill level 10 in Fighting
 11170 | D:9      | Reached **** piety under Makhleb
 11179 | D:9      | Reached skill level 10 in Armour
 11253 | D:10     | Entered Level 10 of the Dungeon
 11255 | D:10     | Found Tipafu's Antique Weapon Boutique.
 11332 | D:10     | Reached skill level 10 in Shields
 11655 | D:10     | Noticed a two-headed ogre
 11663 | D:10     | Killed a two-headed ogre
 11824 | D:10     | Noticed a vault guard
 11833 | D:10     | Killed a vault guard
 11837 | D:10     | Found a portal to a secret trove of treasure.
 12283 | D:11     | Killed an unseen horror
 12309 | D:11     | Reached XP level 12. HP: 79/79 MP: 15/15
 12646 | D:11     | Noticed a boulder beetle
 12664 | D:11     | Killed a boulder beetle
 13000 | Lair:1   | Entered Level 1 of the Lair of Beasts
 13032 | Lair:1   | Reached skill level 11 in Fighting
 13432 | Lair:1   | Reached skill level 10 in Maces & Flails
 14178 | Lair:2   | Reached ***** piety under Makhleb
 14636 | Lair:3   | Found a hole to the Spider Nest.
 15612 | Lair:4   | Noticed a four-headed hydra
 15623 | Lair:4   | Killed a four-headed hydra
 15624 | Lair:4   | Reached XP level 13. HP: 85/85 MP: 16/16
 15663 | Lair:4   | Reached skill level 12 in Fighting
 16466 | Lair:4   | Found a staircase to the Shoals.
 16865 | Lair:5   | Reached skill level 13 in Fighting
 16865 | Lair:5   | Gained mutation: Your large and strong wings let you fly
                  | indefinitely. [Gargoyle growth]
 16865 | Lair:5   | Reached XP level 14. HP: 94/94 MP: 17/17
 17223 | Lair:5   | Found a staircase to the Slime Pits.
 17223 | Lair:5   | Found a viscous altar of Jiyva.
 17521 | Lair:5   | Reached ****** piety under Makhleb
 18071 | Lair:6   | Entered Level 6 of the Lair of Beasts
 18351 | Lair:6   | Reached skill level 14 in Fighting
 18436 | Lair:6   | Reached XP level 15. HP: 100/100 MP: 18/18
 19479 | Orc:1    | Entered Level 1 of the Orcish Mines
 19656 | Orc:2    | Entered Level 2 of the Orcish Mines
 19732 | Orc:2    | Paralysed by an orc sorcerer for 7 turns
 19861 | Orc:2    | Noticed an orc warlord
 19891 | Orc:2    | Killed an orc warlord
 20311 | Orc:2    | Gained mutation: Your magical capacity is low. (-10% MP) [a
                  | neqoxec]
 20351 | Orc:2    | Found a roughly hewn altar of Beogh.
 20355 | Orc:2    | Found Guamikah's Antique Weapon Shoppe.
 20370 | Orc:2    | Found Dothiph's General Store.
 20429 | Orc:2    | Found Jiroum's Book Shoppe.
 20571 | Orc:2    | Found a staircase to the Elven Halls.
 20606 | Orc:2    | Found Qasoali's Antique Armour Shoppe.
 20612 | Orc:2    | Bought a pair of runed gloves for 255 gold pieces
 20633 | Orc:2    | Bought a glowing plate armour for 884 gold pieces
 21073 | Orc:1    | Found Ocko's Distillery.
 21375 | Spider:1 | Entered Level 1 of the Spider Nest
 21525 | Spider:1 | Found a frozen archway.
 21529 | Spider:1 | Noticed Frances
 21566 | Spider:1 | Killed Frances
 21722 | Spider:1 | Reached skill level 15 in Fighting
 21726 | Spider:1 | Reached skill level 15 in Armour
 21746 | IceCv    | Entered an ice cave
 23140 | Spider:1 | Reached skill level 5 in Invocations
 23185 | Spider:1 | Reached skill level 15 in Shields
 23185 | Spider:1 | Reached XP level 16. HP: 108/108 MP: 17/17
 25171 | Spider:4 | Entered Level 4 of the Spider Nest
 25529 | Spider:4 | Identified 2 scrolls of acquirement
 25570 | Spider:4 | Acquired a manual of Armour
 25572 | Spider:4 | Acquired a manual of Fighting
 25672 | Spider:4 | Reached skill level 16 in Fighting
 25804 | Spider:4 | Reached XP level 17. HP: 116/116 MP: 0/19
 25912 | Spider:4 | Got a gossamer rune of Zot
 26109 | Spider:4 | Reached skill level 15 in Maces & Flails
 26341 | Shoals:1 | Entered Level 1 of the Shoals
 26566 | Shoals:1 | Reached skill level 17 in Fighting
 26863 | Shoals:1 | Noticed Nikola
 26902 | Shoals:1 | Killed Nikola
 27308 | Shoals:2 | Noticed Ilsuiw
 27486 | Shoals:2 | Killed Ilsuiw
 27886 | Shoals:2 | Noticed Aizul
 27904 | Shoals:2 | Killed Aizul
 28016 | Shoals:2 | Reached skill level 18 in Fighting
 28357 | Shoals:3 | Found Wuuck's General Store.
 28397 | Shoals:3 | Acquired a manual of Shields
 28575 | Shoals:3 | Found Xownyist's Distillery.
 28575 | Shoals:3 | Found Xoblay's Weapon Emporium.
 28612 | Shoals:3 | Found Fotewob's Distillery.
 28613 | Shoals:3 | Bought a potion of heal wounds for 80 gold pieces
 28613 | Shoals:3 | Bought a potion of ambrosia for 128 gold pieces
 28740 | Shoals:3 | Reached XP level 18. HP: 126/126 MP: 21/21
 29032 | Shoals:3 | Found Unait's Book Boutique.
 29138 | Shoals:3 | Found a runed translucent door.
 29441 | Shoals:4 | Entered Level 4 of the Shoals
 29649 | Shoals:4 | Reached skill level 19 in Fighting
 30151 | Shoals:4 | Found the cursed necklace of Bloodlust {*Rage +Rage Will++
                  | Int-3 Slay+6 *Curse}
 31027 | Shoals:4 | Got a barnacled rune of Zot
 31247 | Shoals:4 | Reached skill level 20 in Fighting
 31509 | D:12     | Noticed Sonja
 31535 | D:12     | Killed Sonja
 31766 | D:12     | Noticed Psyche
 31774 | D:12     | Killed Psyche
 32275 | D:12     | Acquired 535 gold pieces
 33387 | D:14     | Reached XP level 19. HP: 136/136 MP: 23/23
 33397 | D:14     | Found a shimmering blue altar of Sif Muna.
 33401 | D:14     | Found Bosanuss's Weapon Boutique.
 34442 | D:14     | Found a gate to the Vaults.
 34468 | D:14     | Got a coiled golden ring
 34470 | D:14     | Identified the ring of the Sparrow {*Drain +Fly rPois Str+3
                  | Int+4} (You found it on level 14 of the Dungeon)
 34786 | D:15     | Entered Level 15 of the Dungeon
 34903 | D:14     | Reached skill level 10 in Invocations
 35044 | D:15     | Reached skill level 21 in Fighting
 35049 | D:15     | Noticed Rupert
 35056 | D:15     | Paralysed by Rupert for 5 turns
 35070 | D:15     | Killed Rupert
 35177 | D:15     | Found a staircase to the Depths.
 35475 | Vaults:1 | Entered Level 1 of the Vaults
 36072 | Vaults:1 | Reached XP level 20. HP: 144/144 MP: 24/24
 36432 | Vaults:1 | Noticed a lich
 36445 | Vaults:1 | Killed a lich
 36453 | Vaults:1 | Reached skill level 22 in Fighting
 37269 | Vaults:2 | Identified the cursed +1 quarterstaff of the Poles {vamp,
                  | *Drain rN++ Dex+2}
 37429 | Vaults:2 | Found Inouv's Assorted Antiques.
 38351 | Vaults:2 | Reached XP level 21. HP: 152/152 MP: 26/26
 38353 | Vaults:2 | Reached skill level 23 in Fighting
 39163 | Vaults:3 | Found a staircase to the Crypt.
 39163 | Vaults:3 | Found an ancient bone altar of Kikubaaqudgha.
 39164 | Vaults:3 | Found a basalt altar of Yredelemnul.
 39993 | Vaults:3 | Found Heyguoce's Jewellery Boutique.
 40907 | Vaults:4 | Reached skill level 24 in Fighting
 41080 | Vaults:4 | Noticed Margery
 41095 | Vaults:4 | HP: 3/156 [Margery/bolt of fire (38)]
 41096 | Vaults:4 | Killed from afar by an ice dragon

Illustrated notes

Levels and vault maps discovered:
D:1:      matt_arrival_refuge, layout_basic, minmay_hexomino_r4
D:2:      layout_loops_corners
D:3:      layout_basic, grunt_temple_overflow_lords_of_destruction,
          grunt_ministairs_10
D:4:      layout_loops_cross, tso_oasis_becter, general_overflow_altar,
          lemuel_crystal_altar, minmay_temple_entry_trees,
          hellmonk_ghost_happy_afterlife, kennysheep_slug_shrine, uniq_pikel,
          uniq_edmund
D:5:      layout_basic, nzn_wu_jian_council_hall, overflow_temple_1_default,
          serial_shops, nicolae_shop_crystal, minmay_small_thing, uniq_grinder,
          uniq_blork_the_orc
D:6:      layout_basic, uniq_crazy_yiuf_cottage
D:7:      gammafunk_wand_slinger, layout_basic, kennysheep_pointless_box,
          nicolae_tso_carved_into_rock
D:8:      layout_basic, david_lair_generic, serial_corexii_hall,
          corexii_hall_statues_l, corexii_hall_statues_l
D:9:      cheibrodos_histonic, layout_loops_ring, orc_0_dummy,
          minmay_protected_statue
D:10:     layout_irregular_city, serial_shops, shop, enter_trove_5,
          hangedman_decor_lopped
D:11:     layout_roguey
D:12:     layout_basic, uniq_psyche, uniq_sonja
D:13:     layout_long_grid, grunt_ministairs_9
D:14:     layout_basic, hangedman_vaults_entry_quadrant_bands, serial_shops,
          shop_statue, basic_altar, kennysheep_cross_bottleneck
D:15:     hangedman_depths_entry_civil_slaughter, layout_rooms, minivault_19,
          minmay_circle_x, uniq_rupert
Lair:1:   layout_concentric_octagons, patterned_corridor
Lair:2:   layout_cave_pods
Lair:3:   layout_layer_cave, spider_nest_entry_webs,
          nicolae_lair_grove_arrangements
Lair:4:   nzn_winding_woodlands_huge [nzn_winding_woodlands_5x15_split_checker,
          nzn_winding_woodlands_5x15_sidewinder,
          nzn_winding_woodlands_5x15_longhouse,
          nzn_winding_woodlands_5x15_sawtooth,
          nzn_winding_woodlands_5x15_pathside_ponds,
          nzn_winding_woodlands_5x15_pool, nzn_winding_woodlands_5x15_garden,
          nzn_winding_woodlands_5x15_twine,
          nzn_winding_woodlands_5x15_concentric, nzn_winding_woodlands_5x15_eye,
          nzn_winding_woodlands_center_triple_pond,
          nzn_winding_woodlands_center_lodge,
          nzn_winding_woodlands_15x15_five_gardens], layout_loops_ring,
          shoals_dummy_entry
Lair:5:   layout_roguey, slime_altar_1, special_room [special_room_bee],
          lemuel_fruit_fields, serial_bayou_shore_a, lemuel_fruit_fields
Lair:6:   minmay_lair_end_enchanted_forest, layout_small_grid,
          nicolae_quartered_pool_little, grunt_megastairs_5
Shoals:1: layout_shoals, uniq_nikola
Shoals:2: layout_shoals, uniq_aizul, uniq_ilsuiw
Shoals:3: layout_shoals, serial_shops,
          nicolae_shop_temple_entry_statues_fountains, shop, shop,
          nicolae_shop_crystal, nicolae_shop_stone, lightli_airlock
Shoals:4: shoals_end_simple, layout_shoals
Spider:1: layout_spider_delve, portal_ice_cave_entry_ugly_swarm,
          guppyfry_hornet_nest, uniq_frances
Spider:2: layout_spider_delve
Spider:3: layout_spider_delve, nicolae_spider_circle_web, drop_trap
Spider:4: grunt_spider_rune_circles
Orc:1:    layout_caves, serial_shops, shop_statue
Orc:2:    grunt_orc_cross, layout_diamond_mine
Vaults:1: nicolae_vaults_network_quinsquares
          [nicolae_vaults_network_quincunx_subvault,
          nicolae_vaults_network_quincunx_subvault,
          nicolae_vaults_network_quincunx_subvault,
          nicolae_vaults_network_quincunx_subvault], vaults_mumra_minichess,
          ontoclasm_vaults_gateway, vaults_room_grid, v_alt_pattern_2,
          st_smaller_cells, v_misc_3, nicolae_vaults_ring_of_whatevers,
          v_pattern_5, vaults_room_stairs_pillars, layout_vaults_omnigrid
Vaults:2: vaults_room_grid, v_misc_33, dpeg_vaults_monster_row,
          ontoclasm_vaults_hangar, ontoclasm_vaults_hangar,
          hangedman_vaults_hat, v_rooms_1, vaults_room_fancy_cross,
          nicolae_vaults_yaktaur_gun_rack, nicolae_vaults_big_ls,
          nicolae_vaults_little_squares_2, nicolae_vaults_gold_heap,
          grunt_vaults_hallway_short, layout_vaults_omnicross, serial_shops,
          nicolae_shop_stone
Vaults:3: minmay_crypt_entry_necro_gods, hangedman_vaults_cutoff,
          nicolae_vaults_circle_grid_a, hangedman_vaults_pinch,
          nicolae_vaults_diagonal_hallway_8, v_misc_3,
          ontoclasm_vaults_ligature, hangedman_vaults_stretched_pinwheel,
          v_misc_11, vaults_dpeg_ring, st_cells, layout_vaults_ring,
          serial_shops, shop
Vaults:4: grunt_vaults_hallway_long, vaults_mumra_hexcomb,
          hangedman_vaults_nodes, nicolae_vaults_sealed_display,
          ontoclasm_vaults_misaligned, nicolae_vaults_what_the_h,
          nicolae_vaults_angled_halls, nicolae_vaults_windows_and_doors_thing,
          vaults_room_fours, vaults_mumra_chevron, nicolae_vaults_rhombus_7,
          nicolae_vaults_little_squares_4, v_misc_15, layout_vaults_big_room,
          serial_shops, nicolae_shop_trees, uniq_donald, uniq_margery

Skill      XL: |  1  2  3  4  5  6  7  8  9 10 11 12 13 14 15 16 17 18 19 20 21 |
---------------+----------------------------------------------------------------+-----
Armour         | 4 5 6 7 9 10 11 13 14 15 16 18 20 21 22 | 22.7
Shields        | 4 5 6 7 9 10 11 12 14 15 | 15.0
Fighting       | 4 5 6 7 9 10 11 13 14 15 16 18 20 21 22 24 | 24.1
Maces & Flails | 3 4 5 6 8 9 10 11 12 13 14 15 16 | 16.0
Invocations    | 1 2 3 4 5 6 7 9 10 11 12 | 12.0

Action                   |  1- 3 |  4- 6 |  7- 9 | 10-12 | 13-15 | 16-18 | 19-21 || total
-------------------------+-------+-------+-------+-------+-------+-------+-------++-------
Melee: Flail             |    97 |   310 |   664 |   560 |       |       |       ||  1631
       Morningstar       |       |       |       |   312 |  1252 |  1576 |  1531 ||  4671
 Fire: Hunting sling     |     9 |       |       |       |       |       |       ||     9
Throw: Dart              |     6 |     6 |       |     4 |       |       |       ||    16
       Stone             |     3 |     7 |    24 |       |       |       |       ||    34
       Boomerang         |       |       |       |     5 |       |       |       ||     5
Invok: Minor Destruction |       |       |       |    33 |     4 |    45 |    39 ||   121
       Major Destruction |       |       |       |     1 |     2 |     3 |     2 ||     8
       Lesser Servant of |       |       |       |       |     5 |     5 |       ||    10
       Greater Servant o |       |       |       |       |       |     3 |     8 ||    11
 Abil: Fly               |       |       |       |       |     1 |     2 |       ||     3
       Stop Flying       |       |       |       |       |       |     2 |       ||     2
Evoke: Phial of floods   |       |       |       |       |     1 |       |       ||     1
  Use: Potion            |     1 |     1 |     2 |       |     1 |     1 |     4 ||    10
       Scroll            |       |     4 |    10 |     8 |    11 |    17 |     7 ||    57
 Stab: Petrified         |       |       |       |       |    13 |       |       ||    13
       Distracted        |       |       |       |       |     1 |       |     2 ||     3
Armor: Scale mail        |    48 |    23 |       |       |       |       |       ||    71
       Plate armour      |       |   106 |   448 |   650 |   920 |  1217 |   705 ||  4046
       Skin              |       |    36 |       |       |       |       |       ||    36
Dodge: Dodged            |    39 |    73 |   122 |   278 |   643 |   696 |   283 ||  2134
Block: Kite shield       |    61 |   180 |   358 |   555 |  1253 |  1589 |  1413 ||  5409
       Reflection        |       |       |       |       |     2 |    78 |   161 ||   241

Table legend: (Time is in decaauts)
 A = Elapsed time spent in this place.
 B = Non-inter-level travel time spent in this place.
 C = Inter-level travel time spent in this place.
 D = Time resting spent in this place.
 E = Time spent auto-exploring this place.
 F = Levels seen in this place.
 G = Mean time per level.
                   A        B        C        D        E       F      G
               +--------+--------+--------+--------+--------+-----+--------+
         Total |  40522 |  38072 |   2450 |   6961 |  21177 |  36 | 1125.6 |
       Dungeon |  17274 |  16163 |   1111 |   3147 |   8847 |  15 | 1151.6 |
          Lair |   6541 |   6019 |    522 |    452 |   4171 |   6 | 1090.2 |
        Shoals |   4896 |   4591 |    305 |    755 |   2570 |   4 | 1224.0 |
   Spider Nest |   3404 |   3221 |    183 |    538 |   1701 |   4 |  851.0 |
  Orcish Mines |   1769 |   1688 |     81 |    333 |    929 |   2 |  884.5 |
        Vaults |   5264 |   5017 |    247 |    705 |   2788 |   4 | 1316.0 |
      Ice Cave |   1372 |   1372 |      0 |   1031 |    170 |   1 | 1372.0 |
               +--------+--------+--------+--------+--------+-----+--------+

Top non-repeatable levels by time:
     D:9: 2010 daAuts
Shoals:4: 1823 daAuts
Vaults:3: 1762 daAuts
    D:14: 1675 daAuts
Vaults:2: 1669 daAuts
     D:5: 1535 daAuts
Vaults:1: 1485 daAuts
     D:4: 1436 daAuts
  Lair:4: 1424 daAuts
     D:7: 1408 daAuts
   IceCv: 1372 daAuts
   Orc:2: 1323 daAuts
  Lair:5: 1319 daAuts
  Lair:6: 1176 daAuts
     D:8: 1128 daAuts
